 Dungeon Crawl Stone Soup version 0.29.0-15-g675c0067aa (webtiles) character file.

Game seed: 8719364539589148895

9888 qw the Severer (level 11, -4/101 HPs)
             Began as a Minotaur Berserker on Sept 11, 2022.
             Was an Elder of Trog.
             Killed from afar by an electric eel (14 damage)
             ... with a bolt of electricity
             ... on level 11 of the Dungeon.
             The game lasted 00:04:26 (12369 turns).

qw the Severer (Minotaur Berserker)                Turns: 12369, Time: 00:04:26

Health: -4/101     AC: 17    Str: 25    XL:     11   Next: 28%
Magic:  10/10      EV:  8    Int:  4    God:    Trog [****..]
Gold:   564        SH:  5    Dex: 11    Spells: 10/10 levels left

rFire   . . .      SeeInvis .   n - +0 war axe (venom)
rCold   . . .      Faith    .   (no shield)
rNeg    . . .      Spirit   .   c - +0 plate armour
rPois   .          Reflect  +   (helmet restricted)
rElec   .          Harm     .   (no cloak)
rCorr   .          Rampage  .   (no gloves)
Will    .....                   i - +2 pair of boots
Stlth   ..........              f - amulet of reflection
HPRegen 0.26/turn               (no ring)
MPRegen 0.12/turn               (no ring)

@: about to teleport, on berserk cooldown, slowed, very slow
A: horns 2, retaliatory headbutt
a: Renounce Religion, Berserk, Trog's Hand, Brothers in Arms


You were on level 11 of the Dungeon.
You worshipped Trog.
Trog was greatly pleased with you.
You visited 1 branch of the dungeon, and saw 11 of its levels.

You collected 564 gold pieces.


Innate Abilities, Weirdness & Mutations

You have a pair of horns on your head.
You reflexively headbutt those who attack you in melee.


   Skills:
 + Level 10.6 Fighting
 - Level 16.0 Axes
 - Level 2.5 Throwing
 - Level 9.0 Armour
 - Level 4.2 Dodging


You had 10 spell levels left.
You didn't know any spells.
Your spell library was empty.

Inventory:

Hand Weapons
 k - a +0 morningstar
 n - a +0 war axe of venom (weapon)
Missiles
 d - 6 boomerangs (quivered)
Armour
 c - a +0 plate armour (worn)
 i - a +2 pair of boots (worn)
Jewellery
 f - an amulet of reflection (around neck)
 j - a ring of ice
 m - a ring of ice
Scrolls
 a - a scroll of teleportation
 e - 2 scrolls of identify
Potions
 g - 3 potions of mutation
 h - a potion of haste
 o - a potion of resistance

Dungeon Overview and Level Annotations

Branches:
Dungeon (11/15)            Temple (0/1) D:4             Orc (0/2) D:9
   Lair: D:8-11

Altars:
Ashenzari
Fedhas
Gozag
Okawaru
Trog
Zin

Shops:
D:1 [=!

Annotations:
D:2 1 runed translucent door, Crazy Yiuf


Message History

The howler monkey closely misses you. You block the howler monkey's attack.
12365 ||| DRINKING 2 potions of heal wounds.
You feel much better.
The electric eel shoots out a bolt of lightning at you!
The bolt of electricity hits the electric eel.
The electric eel completely resists.
The bolt of electricity hits you! The howler monkey hits you.
The electric eel shoots out a bolt of lightning at you!
The bolt of electricity hits you.
The howler monkey hoots and howls with incredible vigour!
A howler monkey comes into view.
The howler monkey howls!
You hear a roar!
You hear a shout! x4
12366 ||| DRINKING potion of heal wounds.
You feel much better. The howler monkey hits you.
The electric eel shoots out a bolt of lightning at you!
The bolt of electricity hits you. You block the howler monkey's attack.
You closely miss the howler monkey.
The howler monkey is severely wounded.
Your surroundings suddenly seem different.
A troll, a cyclops and an electric eel come into view.
Found an escape hatch in the ceiling.
The electric eel shoots out a bolt of lightning at you!
The bolt of electricity hits you!
The bolt of electricity hits something.
The troll bites you! You block the troll's attack.
The troll claws you but does no damage. The troll bites you but does no damage.
The troll barely misses you. The troll closely misses you.
Enter note:
12368 ||| READING 2 scrolls of teleportation.
As you read the scroll of teleportation, it crumbles to dust.
You feel strangely unstable.
The electric eel shoots out a bolt of lightning at you!
The bolt of electricity hits you! The troll completely misses you.
The troll claws you! You block the troll's attack.
You slash the troll!
The troll looks as sick as possible!
The troll is moderately wounded.
You hit the cyclops but do no damage.
The cyclops is poisoned.
The electric eel shoots out a bolt of lightning at you!
The bolt of electricity hits you!
You die...

~~.~
...#..~~~~~~..~
~~~.
...#..~~~~~~~~.
~~~~
...............
~~S.
......~~~~~~~..
~.SS
.........~S~~..
~~..
......~~~~~~~~~
~h..
#....~~~~~~~~
~~..
#...T@C~~..~~
.~..
#.....~......
.~..
#............
....
#.###.....###
...# # '..<..#
## #.....#
#.....# #.....#


You could see a cyclops (very poisoned), a troll (extremely poisoned) and an
electric eel.

Vanquished Creatures
  A gargoyle (D:9)
  A kobold demonologist (D:10)
  A troll (D:11)
  A vampire (D:10)
  A wraith (D:10)
  15 yaks
  2 steam dragons
  An acid dragon (D:9)
  4 water moccasins
  10 orc warriors
  2 ice beasts (D:7)
  3 sky beasts
  2 ogres
  A black bear (D:8)
  3 wolves (D:11)
  A centaur (D:10)
  4 kobold brigands
  5 bullfrogs
  2 necrophages
  A scorpion (D:6)
  12 wights
  16 killer bees
  An electric eel (D:9)
  3 howler monkeys
  9 orc priests
  5 hounds
  Natasha (thrice) (D:2)
  5 iguanas
  7 orc wizards
  4 adders
  3 gnolls (D:3)
  A white imp (D:6)
  4 worms
  A dart slug (D:1)
  46 orcs
  7 endoplasms
  4 giant cockroaches
  10 goblins
  3 hobgoblins
  8 jackals
  2 quokkas
  6 ball pythons
  5 bats
  4 frilled lizards
  20 kobolds
  5 rats
255 creatures vanquished.

Vanquished Creatures (collateral kills)
  A hydra (D:11)
1 creature vanquished.

Vanquished Creatures (others)
  An orc wizard (D:9)
  11 plants
12 creatures vanquished.

Grand Total: 268 creatures vanquished

Notes
Turn   | Place    | Note
-------+----------+-------------------------------------------
     0 | D:1      | qw the Minotaur Berserker began the quest for the Orb.
     0 | D:1      | Reached XP level 1. HP: 19/19 MP: 0/0
     0 | D:1      | 0 ||| qw: Version: 0.1-a-119-g272c26d
     0 | D:1      | 0 ||| qw: Game counter: 10739
     0 | D:1      | 0 ||| qw: Always use a shield: true
     0 | D:1      | 0 ||| qw: Do Orc after D:15 true
     0 | D:1      | 0 ||| qw: Do second Lair branch before Depths: true
     0 | D:1      | 0 ||| qw: Lair rune preference: random
     0 | D:1      | 0 ||| qw: Plans: Normal
     0 | D:1      | 0 ||| PLANNING D:1-11
    38 | D:1      | 38 ||| INVOKING Berserk.
    40 | D:1      | Reached skill level 4 in Axes
   270 | D:1      | Found Jesaots's Distillery.
   275 | D:1      | 275 ||| SHOPLISTING potion of curing (36 gold, have 0).
   275 | D:1      | 275 ||| SHOPLISTING potion of haste (120 gold, have 0).
   275 | D:1      | 275 ||| SHOPLISTING potion of resistance (120 gold, have
                  | 0).
   362 | D:1      | 362 ||| Stepping ~*~*~tactically~*~*~ (stealth).
   365 | D:1      | Reached XP level 2. HP: 26/26 MP: 1/1
   490 | D:1      | Found Fafuuhis's Jewellery Emporium.
   495 | D:1      | 495 ||| SHOPLISTING +6 ring of dexterity (360 gold, have
                  | 0).
   495 | D:1      | 495 ||| SHOPLISTING ring of Xom's Bemusement {rCorr AC+4
                  | Int+3} (549 gold, have 0).
   495 | D:1      | 495 ||| SHOPLISTING ring of fire (250 gold, have 0).
   495 | D:1      | 495 ||| SHOPLISTING ring of positive energy (200 gold, have
                  | 0).
   826 | D:1      | 826 ||| Stepping ~*~*~tactically~*~*~ (stealth).
   833 | D:1      | 833 ||| INVOKING Berserk.
  1032 | D:1      | Reached skill level 5 in Axes
  1084 | D:1      | Reached XP level 3. HP: 27/31 MP: 2/2
  1157 | D:1      | 1157 ||| DROPPING +0 club.
  1174 | D:1      | 1174 ||| Stepping ~*~*~tactically~*~*~ (stealth).
  1175 | D:1      | 1175 ||| Stepping ~*~*~tactically~*~*~ (stealth).
  1181 | D:1      | 1181 ||| Stepping ~*~*~tactically~*~*~ (stealth).
  1184 | D:1      | 1184 ||| Stepping ~*~*~tactically~*~*~ (stealth).
  1189 | D:1      | 1189 ||| Stepping ~*~*~tactically~*~*~ (stealth).
  1191 | D:1      | 1191 ||| Stepping ~*~*~tactically~*~*~ (stealth).
  1203 | D:1      | 1203 ||| Stepping ~*~*~tactically~*~*~ (stealth).
  1208 | D:1      | 1208 ||| Stepping ~*~*~tactically~*~*~ (stealth).
  1270 | D:1      | Reached ** piety under Trog
  1279 | D:1      | Found Vureenot's Antique Armour Shoppe.
  1287 | D:1      | 1287 ||| SHOPLISTING chain mail (103 gold, have 20).
  1287 | D:1      | 1287 ||| SHOPLISTING plate armour (529 gold, have 20).
  1287 | D:1      | 1287 ||| SHOPLISTING scale mail (92 gold, have 20).
  1287 | D:1      | 1287 ||| SHOPLISTING shiny chain mail (172 gold, have 20).
  1287 | D:1      | 1287 ||| SHOPLISTING shiny ring mail (161 gold, have 20).
  1318 | D:1      | Found a faded altar of an unknown god.
  1405 | D:1      | 1405 ||| UPGRADING to +0 ring mail.
  1415 | D:1      | 1415 ||| DROPPING +0 animal skin.
  1416 | D:1      | 1416 ||| READING 2 scrolls labelled AMUBOO OCIUN.
  1417 | D:1      | 1417 ||| READING scroll of brand weapon.
  1417 | D:1      | 1417 ||| BRANDING +0 hand axe of freezing.
  1418 | D:1      | 1418 ||| READING 3 scrolls labelled YNOEMM FUXU PUU.
  1419 | D:1      | 1419 ||| READING scroll labelled AVVASO MYMIGAS.
  1420 | D:1      | 1420 ||| READING 2 scrolls labelled IGRELE ORAOCRY.
  1421 | D:1      | 1421 ||| READING scroll labelled KONIEN EMIUQ.
  1422 | D:1      | 1422 ||| READING scroll labelled WABIVA TUVISI.
  1423 | D:1      | 1423 ||| READING scroll labelled LISOCI YPTIUTE.
  1424 | D:1      | 1424 ||| READING 2 scrolls of identify.
  1424 | D:1      | 1424 ||| IDENTIFYING purple potion
  1425 | D:1      | 1425 ||| DROPPING potion of brilliance.
  1426 | D:1      | 1426 ||| DROPPING scroll of magic mapping.
  1427 | D:1      | 1427 ||| Stepping randomly (stuck).
  1428 | D:1      | 1428 ||| Stepping randomly (stuck).
  1429 | D:1      | 1429 ||| Stepping randomly (stuck).
  1430 | D:1      | 1430 ||| Stepping randomly (stuck).
  1431 | D:1      | 1431 ||| Stepping randomly (stuck).
  1432 | D:1      | 1432 ||| Stepping randomly (stuck).
  1433 | D:1      | 1433 ||| Stepping randomly (stuck).
  1434 | D:1      | 1434 ||| Stepping randomly (stuck).
  1435 | D:1      | 1435 ||| Stepping randomly (stuck).
  1436 | D:1      | 1436 ||| Stepping randomly (stuck).
  1437 | D:1      | 1437 ||| Stepping randomly (stuck).
  1438 | D:1      | 1438 ||| Stepping ~*~*~tactically~*~*~ (cloud).
  1697 | D:2      | 1697 ||| Stepping ~*~*~tactically~*~*~ (stealth).
  1698 | D:2      | 1698 ||| Stepping ~*~*~tactically~*~*~ (stealth).
  1700 | D:2      | 1700 ||| Stepping ~*~*~tactically~*~*~ (stealth).
  1701 | D:2      | 1701 ||| Stepping ~*~*~tactically~*~*~ (stealth).
  1702 | D:2      | 1702 ||| Stepping ~*~*~tactically~*~*~ (stealth).
  1793 | D:2      | 1793 ||| INVOKING Berserk.
  1918 | D:2      | Noticed Natasha
  1922 | D:2      | 1922 ||| INVOKING Berserk.
  1923 | D:2      | Killed Natasha
  1924 | D:2      | Reached skill level 6 in Axes
  1924 | D:2      | Reached XP level 4. HP: 39/39 MP: 3/3
  2454 | D:2      | Noticed Natasha
  2457 | D:2      | 2457 ||| INVOKING Berserk.
  2461 | D:2      | Killed Natasha
  2633 | D:2      | 2633 ||| Stepping ~*~*~tactically~*~*~ (stealth).
  2703 | D:2      | Noticed Natasha
  2708 | D:2      | 2708 ||| INVOKING Berserk.
  2710 | D:2      | Killed Natasha
  2711 | D:2      | Reached skill level 7 in Axes
  2711 | D:2      | Reached XP level 5. HP: 45/45 MP: 4/4
  2954 | D:2      | Found a runed translucent door.
  2955 | D:2      | Noticed Crazy Yiuf
  2958 | D:2      | 2958 ||| READING scroll labelled DETSOH XAFA.
  2959 | D:2      | 2959 ||| READING scroll labelled ZUTHRA ZAPP.
  3075 | D:3      | 3075 ||| Stepping ~*~*~tactically~*~*~ (hiding).
  3079 | D:3      | 3079 ||| INVOKING Berserk.
  3093 | D:3      | 3093 ||| Stepping ~*~*~tactically~*~*~ (stealth).
  3395 | D:3      | Identified the +9 long sword "Killer Klown's Regret"
                  | {vorpal, Str+8 Int-2}
  3605 | D:3      | 3605 ||| READING 2 scrolls labelled ZEIXKUCEOW.
  3609 | D:3      | 3609 ||| READING scroll labelled XACRAIMMUBYD.
  3765 | D:4      | Found a staircase to the Ecumenical Temple.
  3801 | D:4      | Found a bloodstained altar of Trog.
  3856 | D:4      | Reached skill level 8 in Axes
  3856 | D:4      | Reached XP level 6. HP: 42/52 MP: 5/5
  3963 | D:4      | 3963 ||| INVOKING Berserk.
  4254 | D:4      | 4254 ||| Stepping ~*~*~tactically~*~*~ (stealth).
  4324 | D:4      | Reached skill level 9 in Axes
  4388 | D:4      | Found a glowing silver altar of Zin.
  4433 | D:4      | 4433 ||| Stepping ~*~*~tactically~*~*~ (stealth).
  4452 | D:4      | 4452 ||| DROPPING +0 mace.
  4791 | D:4      | 4791 ||| UPGRADING to +0 scale mail.
  4801 | D:4      | 4801 ||| UPGRADING to +0 plate armour.
  4811 | D:4      | 4811 ||| DROPPING +0 scale mail.
  4812 | D:4      | 4812 ||| UPGRADING to +0 pair of boots.
  4817 | D:4      | 4817 ||| DROPPING +0 ring mail.
  4818 | D:4      | 4818 ||| READING scroll of enchant armour.
  4818 | D:4      | 4818 ||| ENCHANTING +0 pair of boots.
  4819 | D:4      | 4819 ||| READING 2 scrolls of identify.
  4819 | D:4      | 4819 ||| IDENTIFYING coppery potion
  4861 | D:5      | Entered Level 5 of the Dungeon
  4966 | D:5      | 4966 ||| INVOKING Berserk.
  4969 | D:5      | Reached skill level 3 in Armour
  4969 | D:5      | Reached XP level 7. HP: 60/60 MP: 6/6
  4985 | D:5      | 4985 ||| FLEEEEING.
  4988 | D:5      | 4988 ||| FLEEEEING.
  4989 | D:5      | 4989 ||| FLEEEEING.
  4990 | D:5      | 4990 ||| FLEEEEING.
  4992 | D:5      | 4992 ||| FLEEEEING.
  4993 | D:5      | 4993 ||| FLEEEEING.
  4994 | D:5      | 4994 ||| FLEEEEING.
  4995 | D:5      | 4995 ||| FLEEEEING.
  5002 | D:5      | 5002 ||| STAIRDANCE
  5029 | D:4      | 5029 ||| READING scroll labelled QADASA VUINNA.
  5148 | D:5      | 5148 ||| FLEEEEING.
  5149 | D:5      | 5149 ||| FLEEEEING.
  5150 | D:5      | 5150 ||| FLEEEEING.
  5151 | D:5      | 5151 ||| FLEEEEING.
  5152 | D:5      | 5152 ||| FLEEEEING.
  5153 | D:5      | 5153 ||| FLEEEEING.
  5154 | D:5      | 5154 ||| FLEEEEING.
  5155 | D:5      | 5155 ||| FLEEEEING.
  5156 | D:5      | 5156 ||| FLEEEEING.
  5157 | D:5      | 5157 ||| FLEEEEING.
  5158 | D:5      | 5158 ||| FLEEEEING.
  5159 | D:5      | 5159 ||| FLEEEEING.
  5160 | D:5      | 5160 ||| FLEEEEING.
  5161 | D:5      | 5161 ||| FLEEEEING.
  5162 | D:5      | 5162 ||| FLEEEEING.
  5163 | D:5      | 5163 ||| FLEEEEING.
  5164 | D:5      | 5164 ||| FLEEEEING.
  5165 | D:5      | 5165 ||| FLEEEEING.
  5166 | D:5      | 5166 ||| FLEEEEING.
  5167 | D:5      | 5167 ||| FLEEEEING.
  5168 | D:5      | 5168 ||| FLEEEEING.
  5169 | D:5      | 5169 ||| FLEEEEING.
  5170 | D:5      | 5170 ||| FLEEEEING.
  5171 | D:5      | 5171 ||| FLEEEEING.
  5172 | D:5      | 5172 ||| FLEEEEING.
  5173 | D:5      | 5173 ||| FLEEEEING.
  5174 | D:5      | 5174 ||| FLEEEEING.
  5175 | D:5      | 5175 ||| FLEEEEING.
  5176 | D:5      | 5176 ||| FLEEEEING.
  5177 | D:5      | 5177 ||| FLEEEEING.
  5178 | D:5      | 5178 ||| FLEEEEING.
  5179 | D:5      | 5179 ||| STAIRDANCE
  5740 | D:5      | Reached skill level 10 in Axes
  5961 | D:5      | Reached skill level 1 in Throwing
  6006 | D:6      | 6006 ||| INVOKING Berserk.
  6018 | D:6      | Reached XP level 8. HP: 70/70 MP: 7/7
  6019 | D:6      | Reached skill level 6 in Fighting
  6032 | D:6      | 6032 ||| FLEEEEING.
  6033 | D:6      | 6033 ||| STAIRDANCE
  6069 | D:6      | 6069 ||| INVOKING Berserk.
  6077 | D:6      | 6077 ||| FLEEEEING.
  6079 | D:6      | 6079 ||| STAIRDANCE
  6300 | D:6      | 6300 ||| Stepping ~*~*~tactically~*~*~ (stealth).
  6309 | D:6      | 6309 ||| Stepping ~*~*~tactically~*~*~ (stealth).
  6314 | D:6      | 6314 ||| Stepping ~*~*~tactically~*~*~ (stealth).
  6315 | D:6      | 6315 ||| Stepping ~*~*~tactically~*~*~ (stealth).
  6317 | D:6      | 6317 ||| Stepping ~*~*~tactically~*~*~ (stealth).
  6364 | D:6      | Identified the +0 robe of Ponwupl Elam {-Cast rCorr Str+3
                  | Dex+8}
  6394 | D:6      | 6394 ||| Stepping ~*~*~tactically~*~*~ (hiding).
  6400 | D:6      | 6400 ||| INVOKING Berserk.
  6405 | D:6      | Reached skill level 11 in Axes
  6542 | D:6      | 6542 ||| DROPPING +0 flail.
  6715 | D:6      | 6715 ||| Stepping ~*~*~tactically~*~*~ (stealth).
  6717 | D:6      | 6717 ||| Stepping ~*~*~tactically~*~*~ (stealth).
  6721 | D:6      | 6721 ||| INVOKING Berserk.
  6728 | D:6      | Reached *** piety under Trog
  6875 | D:6      | 6875 ||| READING scroll of enchant armour.
  6875 | D:6      | 6875 ||| ENCHANTING +1 pair of boots.
  6883 | D:6      | 6883 ||| SWAPPING to +0 war axe.
  6884 | D:6      | 6884 ||| DROPPING +1 hand axe of venom.
  6999 | D:6      | Found a blossoming altar of Fedhas.
  7017 | D:6      | 7017 ||| READING 3 scrolls labelled TIRGHI MOURHIUJ.
  7018 | D:6      | 7018 ||| READING scroll labelled RUMPANTEODY.
  7019 | D:6      | 7019 ||| READING 3 scrolls of identify.
  7019 | D:6      | 7019 ||| IDENTIFYING bubbling brown potion
  7020 | D:6      | 7020 ||| DROPPING 2 scrolls of noise.
  7112 | D:7      | 7112 ||| READING scroll of enchant weapon.
  7112 | D:7      | 7112 ||| ENCHANTING +0 war axe.
  7129 | D:7      | Reached skill level 12 in Axes
  7190 | D:7      | 7190 ||| Stepping ~*~*~tactically~*~*~ (stealth).
  7192 | D:7      | 7192 ||| INVOKING Berserk.
  7197 | D:7      | Reached XP level 9. HP: 78/78 MP: 8/8
  7322 | D:7      | 7322 ||| Stepping ~*~*~tactically~*~*~ (stealth).
  7325 | D:7      | 7325 ||| Stepping ~*~*~tactically~*~*~ (stealth).
  7372 | D:7      | 7372 ||| Stepping ~*~*~tactically~*~*~ (stealth).
  7374 | D:7      | 7374 ||| Stepping ~*~*~tactically~*~*~ (stealth).
  7375 | D:7      | 7375 ||| Stepping ~*~*~tactically~*~*~ (stealth).
  7376 | D:7      | 7376 ||| Stepping ~*~*~tactically~*~*~ (stealth).
  7526 | D:7      | 7526 ||| INVOKING Berserk.
  7531 | D:7      | Reached skill level 6 in Armour
  7595 | D:7      | 7595 ||| Stepping ~*~*~tactically~*~*~ (stealth).
  7596 | D:7      | 7596 ||| Stepping ~*~*~tactically~*~*~ (stealth).
  7597 | D:7      | 7597 ||| Stepping ~*~*~tactically~*~*~ (stealth).
  7598 | D:7      | 7598 ||| Stepping ~*~*~tactically~*~*~ (stealth).
  7843 | D:7      | 7843 ||| UPGRADING to amulet of reflection.
  7848 | D:7      | 7848 ||| DROPPING amulet of the acrobat.
  7849 | D:7      | 7849 ||| READING 2 scrolls of identify.
  7849 | D:7      | 7849 ||| IDENTIFYING glowing dark potion
  7850 | D:7      | 7850 ||| DROPPING potion of berserk rage.
  7879 | D:8      | Reached skill level 13 in Axes
  8053 | D:8      | 8053 ||| INVOKING Berserk.
  8161 | D:8      | Found an opulent altar of Gozag.
  8170 | D:8      | 8170 ||| Stepping ~*~*~tactically~*~*~ (hiding).
  8172 | D:8      | 8172 ||| Stepping ~*~*~tactically~*~*~ (hiding).
  8173 | D:8      | 8173 ||| Stepping ~*~*~tactically~*~*~ (hiding).
  8498 | D:8      | 8498 ||| Stepping ~*~*~tactically~*~*~ (stealth).
  8727 | D:8      | 8727 ||| Stepping ~*~*~tactically~*~*~ (stealth).
  8729 | D:8      | 8729 ||| Stepping ~*~*~tactically~*~*~ (stealth).
  8732 | D:8      | 8732 ||| Stepping ~*~*~tactically~*~*~ (stealth).
  8939 | D:8      | Reached skill level 14 in Axes
  9297 | D:8      | 9297 ||| DRINKING 2 fuming yellow potions.
  9298 | D:8      | 9298 ||| READING 4 scrolls of identify.
  9298 | D:8      | 9298 ||| IDENTIFYING green potion
  9299 | D:8      | 9299 ||| READING 3 scrolls of identify.
  9299 | D:8      | 9299 ||| IDENTIFYING fizzy emerald potion
  9300 | D:8      | 9300 ||| DROPPING potion of invisibility.
  9301 | D:8      | 9301 ||| DROPPING potion of flight.
  9302 | D:8      | 9302 ||| DROPPING potion of attraction.
  9360 | D:9      | 9360 ||| Stepping ~*~*~tactically~*~*~ (hiding).
  9361 | D:9      | 9361 ||| Stepping ~*~*~tactically~*~*~ (hiding).
  9365 | D:9      | 9365 ||| Stepping ~*~*~tactically~*~*~ (hiding).
  9380 | D:9      | 9380 ||| INVOKING Berserk.
  9384 | D:9      | Reached skill level 3 in Dodging
  9394 | D:9      | Reached XP level 10. HP: 88/88 MP: 9/9
  9487 | D:9      | 9487 ||| FLEEEEING.
  9491 | D:9      | 9491 ||| STAIRDANCE
  9552 | D:9      | 9552 ||| INVOKING Berserk.
  9717 | D:9      | 9717 ||| Stepping ~*~*~tactically~*~*~ (stealth).
  9718 | D:9      | 9718 ||| Stepping ~*~*~tactically~*~*~ (stealth).
  9727 | D:9      | Reached **** piety under Trog
  9738 | D:9      | 9738 ||| INVOKING Berserk.
  9741 | D:9      | Reached skill level 15 in Axes
  9744 | D:9      | Noticed a gargoyle
  9748 | D:9      | HP: 13/88 [gargoyle/stone arrow (15)]
  9749 | D:9      | 9749 ||| READING 3 scrolls of teleportation.
 10072 | D:9      | 10072 ||| Stepping ~*~*~tactically~*~*~ (hiding).
 10073 | D:9      | 10073 ||| Stepping ~*~*~tactically~*~*~ (hiding).
 10084 | D:9      | Killed a gargoyle
 10218 | D:9      | Found an iron altar of Okawaru.
 10348 | D:9      | 10348 ||| INVOKING Berserk.
 10355 | D:9      | Reached skill level 9 in Fighting
 10530 | D:9      | 10530 ||| INVOKING Berserk.
 10553 | D:9      | 10553 ||| DRINKING 2 potions of curing.
 10553 | D:9      | 10553 ||| (to cure confusion)
 10569 | D:9      | 10569 ||| DRINKING potion of curing.
 10569 | D:9      | 10569 ||| (to cure confusion)
 10663 | D:9      | 10663 ||| Invisible monster not found???
 10727 | D:9      | 10727 ||| INVOKING Berserk.
 10951 | D:9      | 10951 ||| SWAPPING to +0 war axe of venom.
 10952 | D:9      | 10952 ||| DROPPING +1 war axe.
 10965 | D:9      | Found a staircase to the Orcish Mines.
 11022 | D:9      | Reached skill level 16 in Axes
 11024 | D:9      | 11024 ||| FLEEEEING.
 11306 | D:9      | 11306 ||| DRINKING 2 smoky inky potions.
 11307 | D:9      | 11307 ||| READING 4 scrolls of identify.
 11307 | D:9      | 11307 ||| IDENTIFYING puce potion
 11308 | D:9      | 11308 ||| DROPPING potion of degeneration.
 11330 | D:10     | Entered Level 10 of the Dungeon
 11355 | D:10     | Found a broken altar of Ashenzari.
 11475 | D:10     | 11475 ||| Stepping ~*~*~tactically~*~*~ (stealth).
 11489 | D:10     | 11489 ||| FLEEEEING.
 11490 | D:10     | 11490 ||| FLEEEEING.
 11491 | D:10     | 11491 ||| FLEEEEING.
 11492 | D:10     | 11492 ||| FLEEEEING.
 11493 | D:10     | 11493 ||| FLEEEEING.
 11494 | D:10     | 11494 ||| FLEEEEING.
 11495 | D:10     | 11495 ||| FLEEEEING.
 11496 | D:10     | 11496 ||| FLEEEEING.
 11497 | D:10     | 11497 ||| FLEEEEING.
 11498 | D:10     | 11498 ||| FLEEEEING.
 11499 | D:10     | 11499 ||| FLEEEEING.
 11500 | D:10     | 11500 ||| FLEEEEING.
 11501 | D:10     | 11501 ||| FLEEEEING.
 11502 | D:10     | 11502 ||| FLEEEEING.
 11503 | D:10     | 11503 ||| FLEEEEING.
 11504 | D:10     | 11504 ||| FLEEEEING.
 11505 | D:10     | 11505 ||| FLEEEEING.
 11506 | D:10     | 11506 ||| FLEEEEING.
 11986 | D:10     | 11986 ||| Stepping ~*~*~tactically~*~*~ (stealth).
 11995 | D:10     | Reached XP level 11. HP: 96/99 MP: 10/10
 12271 | D:10     | 12271 ||| READING 4 scrolls of identify.
 12271 | D:10     | 12271 ||| IDENTIFYING metallic emerald potion
 12272 | D:10     | 12272 ||| READING 3 scrolls of identify.
 12272 | D:10     | 12272 ||| IDENTIFYING dark potion
 12273 | D:10     | 12273 ||| DROPPING potion of lignification.
 12320 | D:11     | Noticed a six-headed hydra
 12321 | D:11     | 12321 ||| Stepping ~*~*~tactically~*~*~ (stealth).
 12323 | D:11     | 12323 ||| Stepping ~*~*~tactically~*~*~ (stealth).
 12324 | D:11     | 12324 ||| INVOKING Brothers in Arms.
 12326 | D:11     | 12326 ||| SWAPPING to +0 morningstar.
 12327 | D:11     | 12327 ||| INVOKING Berserk.
 12330 | D:11     | Killed a six-headed hydra
 12334 | D:11     | Reached skill level 9 in Armour
 12356 | D:11     | 12356 ||| SWAPPING to +0 war axe of venom.
 12363 | D:11     | HP: 19/101 [electric eel/bolt of electricity (10)]
 12364 | D:11     | 12364 ||| READING 3 scrolls of teleportation.
 12365 | D:11     | 12365 ||| DRINKING 2 potions of heal wounds.
 12366 | D:11     | 12366 ||| DRINKING potion of heal wounds.
 12368 | D:11     | 12368 ||| READING 2 scrolls of teleportation.
 12368 | D:11     | HP: 16/101 [electric eel/bolt of electricity (9)]
 12369 | D:11     | Killed from afar by an electric eel

Levels and vault maps discovered:
D:1:      ncdulo_lavacross, layout_basic, dilly_ecumenical_altar_fadedgnrine,
          serial_shops, shop, shop, nicolae_shop_crystal, minmay_vboxes
D:2:      layout_basic, serial_bayou_ford_a, uniq_crazy_yiuf_cottage,
          uniq_natasha
D:3:      layout_basic, hex_medium
D:4:      layout_gridville, lemuel_tele_altar, amcnicky_altar_gilded,
          minmay_temple_entry_mist
D:5:      layout_basic
D:6:      layout_cave_pools, fedhas_altar_decomposition
D:7:      layout_gridville, feat_on_display
D:8:      layout_gridville, grunt_gozag_statues
D:9:      layout_irregular_city, kennysheep_mini, erik_orc_2
D:10:     layout_roguey, ashenzari_altar_1, nzn_life_drinkers
D:11:     layout_basic, erik_lair_island

Skill      XL: |  1  2  3  4  5  6  7  8  9 10 11 |
---------------+----------------------------------+-----
Axes           | 4 5 6 7 8 9 10 12 14 16 | 16.0
Fighting       | 4 5 6 8 9 10 | 10.6
Armour         | 3 4 5 7 8 9 |  9.0
Throwing       | 1 2 |  2.5
Dodging        | 3 4 |  4.2

Action                   |  1- 3 |  4- 6 |  7- 9 | 10-12 || total
-------------------------+-------+-------+-------+-------++-------
Melee: Hand axe          |    69 |    99 |   106 |       ||   274
       Headbutt          |    14 |    19 |    43 |    48 ||   124
       War axe           |       |       |   171 |   167 ||   338
       Punch             |       |       |     1 |       ||     1
       Morningstar       |       |       |       |    28 ||    28
Throw: Boomerang         |       |    12 |    29 |    13 ||    54
Invok: Berserk           |     4 |     5 |     8 |     6 ||    23
       Brothers in Arms  |       |       |       |     1 ||     1
  Use: Scroll            |     9 |     6 |     9 |     6 ||    30
       Potion            |       |       |     1 |     5 ||     6
Armor: Animal skin       |     6 |       |       |       ||     6
       Ring mail         |     7 |    20 |       |       ||    27
       Plate armour      |       |       |   137 |    85 ||   222
Dodge: Dodged            |    36 |    36 |    70 |    68 ||   210
Block: Other             |       |       |    18 |    37 ||    55
       Reflection        |       |       |     1 |     1 ||     2

Table legend:
 A = Non-vault XP
 B = Vault XP
 C = Vault XP percentage of total XP
 D = Non-vault monster count
 E = Vault monster count
 F = Vault count percentage of total count
                 A         B        C        D         E       F
            +---------+---------+-------+---------+---------+-------
      Total |   12449 |    1677 |  11.9 |     227 |      30 |  11.7
            +---------+---------+-------+---------+---------+-------
        D:1 |      46 |       6 |  11.5 |      25 |       4 |  13.8
        D:2 |     137 |      37 |  21.3 |      22 |       1 |   4.3
        D:3 |     146 |       0 |   0.0 |      15 |       0 |   0.0
        D:4 |     295 |       0 |   0.0 |      17 |       0 |   0.0
        D:5 |     623 |       0 |   0.0 |       8 |       0 |   0.0
        D:6 |     983 |       0 |   0.0 |      24 |       0 |   0.0
        D:7 |    1376 |       0 |   0.0 |      23 |       0 |   0.0
        D:8 |    1579 |       0 |   0.0 |      36 |       0 |   0.0
        D:9 |    3206 |     994 |  23.7 |      38 |      19 |  33.3
       D:10 |    1847 |     208 |  10.1 |      12 |       1 |   7.7
       D:11 |    2211 |     432 |  16.3 |       7 |       5 |  41.7
            +---------+---------+-------+---------+---------+-------
